 Dungeon Crawl Stone Soup version 0.21.1-1-g345015f (webtiles) character file.

1539 equalderp2856 the Cleaver (level 8, -2/70 HPs)
             Began as a Minotaur Fighter on May 2, 2018.
             Slain by a seven-headed hydra (10 damage)
             ... on level 8 of the Dungeon.
             The game lasted 00:11:08 (6105 turns).

equalderp2856 the Cleaver (Minotaur Fighter)        Turns: 6105, Time: 00:11:10

Health: -2/70      AC: 13    Str: 21    XL:     8   Next: 56%
Magic:  7/7        EV:  5    Int:  5    God:
Gold:   174        SH: 10    Dex: 12    Spells: 7/7 levels left

rFire    . . .     SeeInvis .   a - +0 war axe
rCold    . . .     Gourm    .   c - +0 shield
rNeg     . . .     Faith    .   h - +0 plate armour
rPois    .         Spirit   .   (helmet restricted)
rElec    .         Reflect  .   (no cloak)
rCorr    .         Harm     .   (no gloves)
MR       .....                  (no boots)
Stlth    ..........             (no amulet)
HPRegen  0.21/turn              (no ring)
MPRegen  0.10/turn              (no ring)

@: about to teleport
A: retaliatory headbutt, horns 2
a: no special abilities


You were on level 8 of the Dungeon.
You were near starving.

You visited 1 branch of the dungeon, and saw 8 of its levels.

You collected 174 gold pieces.

Inventory:

Hand Weapons
 a - a +0 war axe (weapon)
Armour
 b - a +0 scale mail
 c - a +0 shield (worn)
 h - a +0 plate armour (worn)
Jewellery
 k - an uncursed ring of ice {unknown}
 w - an uncursed amulet of rage {unknown}
Wands
 r - a wand of iceblast (4)
Scrolls
 i - a scroll of teleportation
 m - a scroll of enchant weapon {unknown}
 n - a scroll of magic mapping {unknown}
 p - a scroll of enchant armour {unknown}
 q - 2 scrolls of remove curse {unknown}
 t - a scroll of random uselessness {unknown}
 u - 3 scrolls of identify {unknown}
Potions
 d - a potion of might
 e - 3 potions of curing
 j - 2 potions of agility {unknown}
 l - a potion of haste {unknown}
 o - a potion of mutation {unknown}
 s - 2 potions of resistance {unknown}
 v - a potion of degeneration {unknown}
 x - a potion of lignification {unknown}
Comestibles
 f - 3 rations


   Skills:
 + Level 6.2 Fighting
 + Level 8.0 Axes
 + Level 7.3 Armour
 + Level 2.0 Dodging
 + Level 0.6 Stealth
 + Level 6.7 Shields


You had 7 spell levels left.
You didn't know any spells.

Dungeon Overview and Level Annotations

Branches:
Dungeon (7/15)             Temple (0/1) D:7

Altars:
Cheibriados
Qazlal
Ru
Trog
Wu Jian
Xom
The Shining One

Annotations:
D:4 Grinder; Ilphrin's ghost, amateur DsBe
D:7 Pikel


Innate Abilities, Weirdness & Mutations

You reflexively headbutt those who attack you in melee.
You have a pair of horns on your head.


Message History

The seven-headed hydra bites you but does no damage.
You block the seven-headed hydra's attack. x2
The seven-headed hydra bites you but does no damage.
The seven-headed hydra bites you.
The seven-headed hydra barely misses you.
The seven-headed hydra bites you but does no damage.
The two-headed ogre hits you but does no damage.
The two-headed ogre hits you with a giant club.
Unknown command.
Unknown command.
It was a potion of curing.
You feel better.
The centaur hits the bush but does no damage.
You block the water moccasin's attack. The seven-headed hydra bites you.
You block the seven-headed hydra's attack. x3
The seven-headed hydra bites you!
* * * LOW HITPOINT WARNING * * *
The seven-headed hydra bites you!
* * * LOW HITPOINT WARNING * * *
The seven-headed hydra bites you!
You die...

.......#...P#
.lc.5..#P...#
......O#..DP#
..(....#P...#
...C...#.l.P#
..C.D..#PO5.#
.$.....#..cP#
#P.OS# ####@#
#..DO# #....#
#....# #....#
#....# +....#
#....#


You could see a seven-headed hydra, 2 two-headed ogres, a water moccasin, an
acid dragon, an ogre, a centaur, an iguana and a shadow imp.

Vanquished Creatures
  A sky beast (D:5)
  An orc warrior (D:5)
  A black bear (D:4)
  An ogre (D:5)
  A phantom (D:6)
  2 bullfrogs (D:6)
  2 scorpions
  2 howler monkeys
  A crimson imp (D:5)
  A centaur zombie (D:6)
  A bullfrog zombie (D:6)
  A hound (D:4)
  2 jellies (D:6)
  2 orc priests
  Natasha (thrice) (D:3)
  An iguana (D:5)
  3 orc wizards
  4 worker ants
  2 hound skeletons
  2 hound zombies (D:6)
  Robin (D:4)
  7 gnolls
  4 adders
  A shadow imp (D:5)
  2 oozes
  An adder skeleton (D:4)
  2 dart slugs
  2 leopard geckos
  13 orcs
  2 ball pythons
  8 bats
  2 giant cockroaches
  7 hobgoblins
  10 jackals
  A quokka (D:6)
  A frilled lizard (D:2)
  13 goblins
  4 kobolds
  A leopard gecko zombie (D:5)
116 creatures vanquished.

Notes
Turn   | Place    | Note
-------+----------+-------------------------------------------
     0 | D:1      | equalderp2856 the Minotaur Fighter began the quest for the Orb.
     0 | D:1      | Reached XP level 1. HP: 19/19 MP: 0/0
    95 | D:1      | Reached XP level 2. HP: 25/27 MP: 1/1
  1027 | D:2      | Found an ornate altar of the Wu Jian Council.
  1029 | D:2      | Found an iron altar of Okawaru.
  1029 | D:2      | Found a snail-covered altar of Cheibriados.
  1031 | D:2      | Found a glowing golden altar of the Shining One.
  1031 | D:2      | Found a sacrificial altar of Ru.
  1031 | D:2      | Found a shimmering altar of Xom.
  1089 | D:2      | Reached XP level 3. HP: 33/33 MP: 2/2
  1163 | D:2      | Found a stormy altar of Qazlal.
  1350 | D:2      | Reached skill level 3 in Axes
  1515 | D:3      | Noticed Natasha
  1521 | D:3      | Killed Natasha
  1586 | D:3      | Noticed Natasha
  1590 | D:3      | Killed Natasha
  1590 | D:3      | Reached XP level 4. HP: 41/41 MP: 3/3
  1606 | D:3      | Reached skill level 1 in Dodging
  1661 | D:3      | Reached XP level 5. HP: 38/47 MP: 4/4
  1750 | D:3      | Noticed Natasha
  1763 | D:3      | Killed Natasha
  1763 | D:3      | Reached skill level 4 in Axes
  2000 | D:3      | Found a glowing golden altar of the Shining One.
  2139 | D:4      | Found a stormy altar of Qazlal.
  2168 | D:4      | Noticed Robin
  2180 | D:4      | Killed Robin
  2262 | D:4      | Noticed Grinder
  2369 | D:4      | Reached skill level 5 in Axes
  2662 | D:4      | Noticed Ilphrin's ghost (amateur DsBe)
  2844 | D:4      | Noticed a black bear
  2850 | D:4      | Killed a black bear
  2850 | D:4      | Reached skill level 5 in Armour
  2850 | D:4      | Reached skill level 5 in Shields
  2850 | D:4      | Reached XP level 6. HP: 42/53 MP: 5/5
  3481 | D:5      | Entered Level 5 of the Dungeon
  3773 | D:5      | Reached skill level 5 in Fighting
  4185 | D:5      | Reached XP level 7. HP: 61/61 MP: 6/6
  4353 | D:5      | Reached skill level 6 in Axes
  5196 | D:6      | Reached XP level 8. HP: 70/70 MP: 7/7
  5249 | D:6      | Reached skill level 7 in Axes
  5349 | D:6      | Found a bloodstained altar of Trog.
  5668 | D:7      | Found a staircase to the Ecumenical Temple.
  5685 | D:7      | Noticed Pikel
  5718 | D:6      | Reached skill level 8 in Axes
  6079 | D:6      | You fall through a shaft for 2 floors!
  6091 | D:8      | Noticed a two-headed ogre
  6092 | D:8      | Noticed a cyclops
  6092 | D:8      | Noticed a cyclops
  6101 | D:8      | Noticed a two-headed ogre
  6102 | D:8      | Noticed a seven-headed hydra
  6105 | D:8      | Slain by a seven-headed hydra

Skill      XL: |  1  2  3  4  5  6  7  8 |
---------------+-------------------------+-----
Fighting       | 4 5 6 |  6.2
Shields        | 4 5 6 |  6.7
Axes           | 3 5 6 8 |  8.0
Armour         | 4 5 6 7 |  7.3
Dodging        | 1 2 |  2.0
Stealth        | |  0.6

Action                   |  1- 3 |  4- 6 |  7- 9 || total
-------------------------+-------+-------+-------++-------
Melee: War axe           |    65 |   165 |   118 ||   348
       Headbutt          |     9 |    23 |    23 ||    55
Evoke: Wand              |       |       |     2 ||     2
  Use: Scroll            |       |     1 |     1 ||     2
       Potion            |       |       |     2 ||     2
  Eat: Chunk             |     2 |     4 |     2 ||     8
       Ration            |       |     1 |     1 ||     2
Armor: Scale mail        |    45 |    55 |       ||   100
       Plate armour      |       |     2 |   124 ||   126
Dodge: Dodged            |    22 |    49 |    32 ||   103
Block: Shield            |    44 |    83 |   105 ||   232
